 Dungeon Crawl Stone Soup version 0.28.0 (webtiles) character file.

Game seed: 16219078983854407401

52 themarg the Caller (level 3, -1/25 HPs)
             Began as a Merfolk Summoner on Feb 13, 2022.
             Slain by a scorpion (2 damage)
             ... on level 3 of the Dungeon on Feb 14, 2022.
             The game lasted 00:13:49 (2993 turns).

themarg the Caller (Merfolk Summoner)               Turns: 2993, Time: 00:13:50

Health: -1/25      AC:  2    Str:  8    XL:     3   Next: 85%
Magic:  6/6        EV: 13    Int: 16    God:
Gold:   61         SH:  0    Dex: 14    Spells: 3/7 levels left

rFire   . . .      SeeInvis .   c - +0 dagger
rCold   . . .      Faith    .   (no shield)
rNeg    + . .      Spirit   .   a - +0 robe
rPois   .          Reflect  .   (no helmet)
rElec   .          Harm     .   (no cloak)
rCorr   .          Rampage  .   (no gloves)
Will    +....                   (no boots)
Stlth   ++........              (no amulet)
HPRegen 0.08/turn               d - ring of positive energy
MPRegen 0.10/turn               g - ring of willpower

@: lethally poisoned (-1 -> -4)
A: (nimble swimmer 2), mertail
a: no special abilities


You were on level 3 of the Dungeon.
You visited 1 branch of the dungeon, and saw 3 of its levels.

You collected 61 gold pieces.

Inventory:

Hand Weapons
 c - a +0 dagger (weapon)
Armour
 a - a +0 robe (worn)
Jewellery
 d - a ring of positive energy (left hand)
 g - a ring of willpower (right hand)
Scrolls
 b - a scroll of vulnerability {unknown}
 e - a scroll of teleportation {unknown}
 f - a scroll of identify {unknown}
Potions
 h - a potion of magic
 i - a potion of haste {unknown}


   Skills:
 + Level 0.6 Fighting
 + Level 0.4 Short Blades
 + Level 2.9 Dodging
 + Level 2.4 Stealth
 + Level 2.6 Spellcasting
 + Level 4.6 Summonings


You had 3 spell levels left.
You knew the following spells:

 Your Spells              Type           Power      Damage    Failure   Level
a - Summon Small Mammal   Summ           68%        N/A       3%          1
b - Call Canine Familiar  Summ           17%        N/A       9%          3

Your spell library contained the following spells:

 Spells                   Type           Power      Damage    Failure   Level
 Call Imp                 Summ           17%        N/A       4%          2
 Summon Guardian Golem    Hex/Summ       9%         N/A       22%         3
 Summon Lightning Spire   Summ/Air       9%         N/A       58%         4


Dungeon Overview and Level Annotations

Branches:
Dungeon (2/15)

Altars:

Shops:
D:1 [(


Innate Abilities, Weirdness & Mutations

((You are very nimble when in or above water. (Stealth+, EV+, Speed+++)))
Your lower body shifts to a powerful aquatic tail in water.


Message History

Your hound completely misses the scorpion.
You barely miss the scorpion. The scorpion stings you.
You are lethally poisoned!
The scorpion poisons you!
Your hound bites the scorpion.
You closely miss the scorpion.
The scorpion is lightly wounded.
You feel very sick.
Your hound barely misses the scorpion.
The scorpion barely misses you.
Your hound barely misses the scorpion.
The scorpion closely misses you.
You closely miss the scorpion.
The scorpion is lightly wounded.
You feel very sick.
Your hound bites the scorpion but does no damage.
The scorpion misses you.
You hit the scorpion but do no damage.
The scorpion is lightly wounded.
* * * LOW HITPOINT WARNING * * *
You feel sick.
Your hound bites the scorpion.
The scorpion closely misses you.
Your hound bites the scorpion but does no damage.
You closely miss the scorpion.
The scorpion is lightly wounded.
* * * LOW HITPOINT WARNING * * *
You feel sick.
Your hound bites the scorpion.
The scorpion stings you but does no damage.
You closely miss the scorpion.
The scorpion is moderately wounded.
* * * LOW HITPOINT WARNING * * *
You feel sick.
Your hound closely misses the scorpion.
The scorpion closely misses you.
Your hound bites the scorpion but does no damage.
You barely miss the scorpion.
The scorpion is moderately wounded.
The scorpion stings you.
* * * LOW HITPOINT WARNING * * *
Your hound barely misses the scorpion.
The scorpion stings you but does no damage.
It was a potion of magic.
Magic courses through your body.
* * * LOW HITPOINT WARNING * * *
You feel sick.
Your hound bites the scorpion. x2; The scorpion stings you.
You die...

.# #.# #####.# #...#$#
#...#.# #########.....#
#.............#
#.#######.....#####.###
##.####.......hs@.......
........................
#.......#).†#####.#.....
#.......#...# .......
#.......##### .#.####
#....S...# +#.#
#........# # ..........#
#.......#.#


You could see a scorpion (ally target) and a friendly hound (summoned).

Vanquished Creatures
  A giant cockroach (D:2)
  A goblin (D:1)
  4 hobgoblins (D:1)
  4 jackals
  A bat (D:1)
  2 frilled lizards
  A kobold (D:1)
  4 rats
18 creatures vanquished.

Vanquished Creatures (collateral kills)
  6 bats
  An endoplasm (D:1)
  A giant cockroach (D:1)
  3 goblins (D:1)
  2 hobgoblins (D:1)
  3 jackals (D:2)
  6 kobolds
  A quokka (D:2)
  3 ball pythons
  A frilled lizard (D:1)
  2 rats
29 creatures vanquished.

Grand Total: 47 creatures vanquished

Notes
Turn   | Place    | Note
-------+----------+-------------------------------------------
     0 | D:1      | themarg the Merfolk Summoner began the quest for the Orb.
     0 | D:1      | Reached XP level 1. HP: 13/13 MP: 3/3
   172 | D:1      | Reached XP level 2. HP: 8/19 MP: 1/5
   370 | D:1      | Found a faded altar of an unknown god.
   722 | D:1      | Found Mothenuawk's Antique Armour Boutique.
  1337 | D:1      | Reached XP level 3. HP: 18/25 MP: 4/6
  1494 | D:1      | Found Birexu's Weapon Shoppe.
  2365 | D:2      | Learned a level 3 spell: Call Canine Familiar
  2944 | D:2      | You fall into a shaft and drop 1 floor!
  2958 | D:3      | Noticed a scorpion
  2993 | D:3      | HP: 1/25 [poisoned by a scorpion]
  2993 | D:3      | Slain by a scorpion

Illustrated notes

Levels and vault maps discovered:
D:1:      dpeg_arrival_fog, layout_loops_ring, serial_shops,
          nicolae_shop_competitors_out_of_business, nicolae_shop_hallway_stairs,
          hellmonk_ecumenical_altar_pennies_from_heaven
D:2:      layout_basic
D:3:      cheibrodos_greedy_goblins, layout_basic, serial_shops,
          nicolae_shop_crystal, minmay_surrounded

Action                   || total
-------------------------++-------
Melee: Club              ||     8
       Unarmed           ||     1
       Dagger            ||   147
       Punch             ||     2
 Cast: Summon Small Mamm ||    56
       Call Canine Famil ||     1
  Use: Potion            ||     1
 Stab: Sleeping          ||     3
Armor: Robe              ||    41
Dodge: Dodged            ||   156
